 Dungeon Crawl Stone Soup version 0.21.1-1-g345015f (webtiles) character file.

595 poirepourri the Chopper (level 7, -1/67 HPs)
             Began as a Deep Dwarf Fighter on July 20, 2018.
             Killed by divine providence
             ... invoked by an orc priest
              (7 damage)
             ... on level 4 of the Dungeon.
             The game lasted 00:02:29 (960 turns).

poirepourri the Chopper (Deep Dwarf Fighter)         Turns: 960, Time: 00:02:31

Health: -1/67      AC:  6    Str: 19    XL:     7   Next: 17%
Magic:  5/5        EV:  7    Int:  9    God:
Gold:   39         SH:  9    Dex: 14    Spells: 6/6 levels left

rFire    . . .     SeeInvis .   a - +1 war axe
rCold    . . .     Gourm    .   c - +0 shield
rNeg     . . .     Faith    .   b - +0 scale mail
rPois    .         Spirit   .   (no helmet)
rElec    .         Reflect  .   (no cloak)
rCorr    .         Harm     .   (no gloves)
MR       +....                  (no boots)
Stlth    ..........             (no amulet)
HPRegen  0.00/turn              (no ring)
MPRegen  0.09/turn              (no ring)

@: non-regenerating
A: damage resistance, heal wounds, sense surroundings 1, no regeneration
a: Heal Wounds


You were on level 4 of the Dungeon.
You were hungry.

You visited 2 branches of the dungeon, and saw 5 of its levels.

You collected 39 gold pieces.

Inventory:

Hand Weapons
 a - a +1 war axe (weapon)
Armour
 b - a +0 scale mail (worn)
 c - a +0 shield (worn)
Jewellery
 h - an uncursed amulet of rage {unknown}
Scrolls
 i - a scroll of fog {unknown}
Potions
 d - 2 potions of haste
 e - a potion of flight {unknown}
 g - a potion of degeneration {unknown}
Comestibles
 f - 5 rations


   Skills:
 + Level 5.0 Fighting
 - Level 7.0 Axes
 - Level 3.2 Armour
 - Level 3.2 Shields


You had 6 spell levels left.
You didn't know any spells.

Dungeon Overview and Level Annotations

Branches:
Dungeon (4/15)             Temple (1/1) D:4

Altars:
Elyvilon
Fedhas
Hepliaklqana
Qazlal
Sif Muna
Uskayaw
Vehumet
Xom
Yredelemnul
Lugonu

Annotations:
D:4 Sigmund


Innate Abilities, Weirdness & Mutations

You are resistant to damage.
You can heal yourself by infusing magical energy.
You passively map a small area around you.
You do not regenerate.


Message History

A puff of flame appears from out of thin air!
The puff of flame hits you!
* * * LOW HITPOINT WARNING * * *
You hit something. You barely miss the orc. You hit the orc.
Something hits you.
* * * LOW HITPOINT WARNING * * *
The orc hits you but does no damage.
An orc comes into view.
You closely miss something. You hit the orc. You hit the orc but do no damage.
You completely miss the orc.
The orc priest begins to cast a cantrip, but forgets the words!
The orc barely misses you. The orc hits you with a club.
* * * LOW HITPOINT WARNING * * *
You hear some strange, mumbled words.
A magic dart appears from out of thin air!
The magic dart hits you!
* * * LOW HITPOINT WARNING * * *
The orc priest mumbles some strange prayers to Beogh against you.
Beogh smites you!
You die...

..#......#....#....#,,*....#,,,,,
..#......'....#....#,,+....#,.,,,
...................####....#'#***
....≈≈≈≈≈........####.........***
..≈≈≈≈≈≈≈≈≈......#..#.........*,,
≈≈≈≈≈≈≈≈≈≈≈≈≈....'..#.........*,,
≈≈≈≈≈...≈≈≈≈≈≈(..#..'.........*,,
......>.≈≈≈≈≈≈..{#..#.........*,,
≈≈≈≈≈...≈≈≈≈≈≈.o@#..#.######..*,,
≈≈≈≈≈≈≈≈≈≈≈≈≈≈.oo######,≈≈≈**,**'
≈≈≈≈≈≈≈≈≈≈≈≈≈...oo...#,≈≈≈***,,,,
..≈≈≈≈≈≈≈≈≈..........+,,,_∩**,,,,
....≈≈≈≈≈............#,≈≈≈***,,,,
..................o..#*,≈≈≈**,,,,
..####..#+.#..........#******,,,,
,,,,,,,,,........o...##,**,,*****
,,,,,,,,,,...........#,,,,,,,,,,,


You could see an orc priest and 6 orcs.

Vanquished Creatures
  The ghost of flestrin the Chopper, an amateur HOFi (D:3)
  A phantom (D:4)
  An orc warrior (D:4)
  2 hounds (D:4)
  2 orc priests (D:4)
  2 orc wizards (D:4)
  A worker ant (D:4)
  3 adders (D:3)
  16 orcs
  3 ball pythons
  3 bats (D:3)
  A jackal skeleton (D:4)
  A kobold (D:1)
  A quokka skeleton (D:4)
  A rat (D:3)
39 creatures vanquished.

Notes
Turn   | Place    | Note
-------+----------+-------------------------------------------
     0 | D:1      | poirepourri the Deep Dwarf Fighter began the quest for the Orb.
     0 | D:1      | Reached XP level 1. HP: 20/20 MP: 1/1
    97 | D:2      | You fall through a shaft!
   108 | D:3      | Reached skill level 3 in Axes
   108 | D:3      | Reached XP level 2. HP: 25/27 MP: 2/2
   194 | D:3      | Noticed flestrin's ghost (amateur HOFi)
   209 | D:3      | Killed flestrin's ghost
   209 | D:3      | Reached skill level 6 in Axes
   209 | D:3      | Reached XP level 3. HP: 15/33 MP: 3/3
   209 | D:3      | Reached XP level 4. HP: 18/40 MP: 4/4
   209 | D:3      | Reached XP level 5. HP: 21/46 MP: 5/5
   398 | D:4      | HP: 1/46 [orc wizard/magic dart (3)]
   448 | D:4      | Reached skill level 7 in Axes
   448 | D:4      | Reached XP level 6. HP: 32/55 MP: 6/6
   584 | D:4      | Noticed an orc warrior
   603 | D:4      | HP: 2/55 [orc warrior/glaive (19)]
   614 | D:4      | Killed an orc warrior
   656 | D:4      | Reached XP level 7. HP: 37/66 MP: 5/5
   737 | D:4      | Found a staircase to the Ecumenical Temple.
   751 | Temple   | Entered the Ecumenical Temple
   898 | D:4      | Reached skill level 5 in Fighting
   941 | D:4      | Noticed Sigmund
   960 | D:4      | Killed from afar by an orc priest

Skill      XL: |  1  2  3  4  5  6  7 |
---------------+----------------------+-----
Axes           | 3 6 7 |  7.0
Fighting       | 4 5 |  5.0
Armour         | |  3.2
Shields        | |  3.2

Action                   |  1- 3 |  4- 6 |  7- 9 || total
-------------------------+-------+-------+-------++-------
Melee: War axe           |    28 |   109 |    20 ||   157
 Abil: Heal Wounds       |     1 |     6 |       ||     7
  Use: Potion            |     1 |       |       ||     1
       Scroll            |       |     4 |       ||     4
Armor: Scale mail        |    13 |    27 |     7 ||    47
Dodge: Dodged            |     7 |    32 |     7 ||    46
Block: Shield            |    16 |    69 |    11 ||    96
